 Dungeon Sprint DCSS version 0.26-a0-660-gc07710193c (webtiles) character file.

Game seed: 8695289851054444806

3658 mhtbhm the Eclecticist (level 9, -1/50 HPs)
             Began as a Deep Elf Ice Elementalist on Oct 8, 2020.
             Was a High Priest of Vehumet.
             Slain by a polar bear (3 damage)
             ... in the Dungeon (Sprint IX: "|||||||||||||||||||||||||||||").
             The game lasted 00:06:21 (1123 turns).

mhtbhm the Eclecticist (Deep Elf Ice Elementalist)  Turns: 1123, Time: 00:06:22

Health: -1/50      AC:  6    Str:  5    XL:     9   Next: 88%
Magic:  11/32      EV: 19    Int: 24    God:    Vehumet [*****.]
Gold:   0          SH:  0    Dex: 15    Spells: 28/43 levels left

rFire    . . .     SeeInvis .   b - +2 rapier (venom)
rCold    . . .     Faith    .   (no shield)
rNeg     . . .     Spirit   .   l - +0 robe
rPois    .         Reflect  .   a - +0 helmet
rElec    .         Harm     .   (no cloak)
rCorr    .         Rampage  .   (no gloves)
MR       .....     NoTele   +   m - +0 pair of boots
Stlth    ++++......             (no amulet)
HPRegen  0.16/turn              n - +2 ring of evasion
MPRegen  0.23/turn              o - +2 ring of protection

@: frozen ramparts
A: no striking features
a: Renounce Religion


You were in the Dungeon.
You worshipped Vehumet.
Vehumet was extremely pleased with you.
You visited 1 branch

Inventory:

Hand Weapons
 b - a +2 rapier of venom (weapon)
Armour
 a - a +0 helmet (worn)
 l - a +0 robe (worn)
 m - a +0 pair of boots (worn)
Jewellery
 n - a +2 ring of evasion (left hand)
 o - a +2 ring of protection (right hand)
Wands
 k - a wand of iceblast (5)
Scrolls
 h - 2 scrolls of blinking
 i - 5 scrolls of remove curse
 j - 2 scrolls of amnesia
 r - a scroll of identify
 s - a scroll of fog
 t - 2 scrolls of enchant weapon
Potions
 c - a potion of berserk rage
 d - a potion of might
 e - a potion of haste
 f - 3 potions of magic
 g - 4 potions of curing
 p - a potion of brilliance
 q - 4 potions of heal wounds


   Skills:
 + Level 3.1 Fighting
 + Level 4.2 Short Blades
 + Level 7.2 Dodging
 + Level 7.9 Stealth
 + Level 17.5 Spellcasting
 + Level 0.5 Conjurations
 + Level 2.3 Summonings
 + Level 15.7 Ice Magic
 + Level 2.5 Evocations


You had 28 spell levels left.
You knew the following spells:

 Your Spells              Type           Power        Failure   Level
a - Freeze                Ice            ####         0%          1
b - Frozen Ramparts       Ice            ######       0%          3
c - Ozocubu's Armour      Ice            #######.     0%          3
d - Hailstorm             Conj/Ice       ######..     1%          4
e - Summon Ice Beast      Ice/Summ       ######..     1%          4

Your spell library contained the following spells:

 Spells                   Type           Power        Failure   Level
 Mephitic Cloud           Conj/Pois/Air  ###.....     1%          3


Dungeon Overview and Level Annotations

Branches:
Dungeon (1/1)

Altars:
Cheibriados
Dithmenos
Elyvilon
Fedhas
Gozag
Hepliaklqana
Kikubaaqudgha
Makhleb
Nemelex Xobeh
Okawaru
Qazlal
Ru
Sif Muna
Trog
Uskayaw
Vehumet
Wu Jian
Xom
Yredelemnul
Zin
The Shining One
Beogh
Jiyva
Lugonu


Message History

Press: ? - help, Shift-Dir - straight line, f - polar bear
Aim: a polar bear (lightly wounded)
The polar bear resists.
You freeze the polar bear.
The polar bear is lightly wounded.
The polar bear completely resists.
The wall freezes the polar bear but do no damage.
The polar bear bites you! The polar bear completely misses you.
The polar bear claws you but does no damage.
Unknown command.
Casting: Freeze (safe; 0% risk of failure)
Confirm with . or Enter, or press ? or * to list all spells.
Okay, then.
The polar bear resists.
The wall freezes the polar bear.
Casting: Freeze (safe; 0% risk of failure)
Confirm with . or Enter, or press ? or * to list all spells.
A chill wind blows around you.
The polar bear resists.
The wall freezes the polar bear.
The polar bear bites you!!
* * * LOW HITPOINT WARNING * * *
The polar bear claws you.
You die...

▓▓▓▓▓▓▓▓▓▓▓▓▓▓▓▓▓▓▓▓▓▓▓▓▓
....'......)(.Y.@h'†.....
▓▓▓▓▓▓▓▓▓▓▓▓▓▓▓▓▓▓▓▓▓▓▓▓▓▓▓▓▓▓▓▓▓
.................................
▓▓▓▓▓▓▓▓▓▓▓▓▓▓▓▓▓▓▓▓▓▓▓▓▓▓▓▓▓▓▓▓▓
())....')....'___________________
▓▓▓▓▓▓▓▓▓▓▓▓▓▓▓▓▓▓▓▓▓▓▓▓▓▓▓▓▓▓▓▓▓


You could see a polar bear and a friendly ice beast (summoned).

Vanquished Creatures
  A hydra (D)
  A centaur warrior (D)
  A skeletal warrior (D)
  A cane toad (D)
  3 komodo dragons (D)
  2 water moccasins (D)
  An ice beast (D)
  A centaur (D)
  2 bullfrogs (D)
  A big kobold (D)
  2 howler monkeys (D)
  A quasit (D)
  An iguana (D)
  A worker ant (D)
  A shadow imp (D)
  An adder zombie (D)
  A worm (D)
  A bat (D)
  2 bat zombies (D)
  A goblin (D)
  2 hobgoblins (D)
  A quokka (D)
  A kobold (D)
30 creatures vanquished.

Notes
Turn   | Place    | Note
-------+----------+-------------------------------------------
     0 | D        | mhtbhm the Deep Elf Ice Elementalist began the quest for
                  | the Orb.
     0 | D        | Reached XP level 1. HP: 10/10 MP: 6/6
    10 | D        | Reached skill level 5 in Ice Magic
    16 | D        | Banished a spatial maelstrom
   169 | D        | Noticed a worker ant
   174 | D        | Reached XP level 2. HP: 3/15 MP: 2/8
   186 | D        | Reached skill level 4 in Spellcasting
   192 | D        | Reached skill level 5 in Spellcasting
   192 | D        | Reached XP level 3. HP: 3/19 MP: 4/11
   208 | D        | Found a roughly hewn altar of Beogh.
   208 | D        | Found a snail-covered altar of Cheibriados.
   208 | D        | Found a shadowy altar of Dithmenos.
   208 | D        | Found a white marble altar of Elyvilon.
   208 | D        | Found a blossoming altar of Fedhas.
   208 | D        | Found an opulent altar of Gozag.
   209 | D        | Found a hazy altar of Hepliaklqana.
   210 | D        | Found a viscous altar of Jiyva.
   211 | D        | Found an ancient bone altar of Kikubaaqudgha.
   212 | D        | Found a corrupted altar of Lugonu.
   213 | D        | Found a burning altar of Makhleb.
   214 | D        | Found a sparkling altar of Nemelex Xobeh.
   215 | D        | Found an iron altar of Okawaru.
   216 | D        | Found a stormy altar of Qazlal.
   217 | D        | Found a sacrificial altar of Ru.
   218 | D        | Found a shimmering blue altar of Sif Muna.
   219 | D        | Found a bloodstained altar of Trog.
   220 | D        | Found a hide-covered altar of Uskayaw.
   221 | D        | Found a radiant altar of Vehumet.
   222 | D        | Found an ornate altar of the Wu Jian Council.
   223 | D        | Found a shimmering altar of Xom.
   224 | D        | Found a basalt altar of Yredelemnul.
   225 | D        | Found a glowing silver altar of Zin.
   226 | D        | Found a glowing golden altar of the Shining One.
   229 | D        | Became a worshipper of Vehumet
   234 | D        | Learned a level 3 spell: Frozen Ramparts
   238 | D        | Learned a level 3 spell: Ozocubu's Armour
   460 | D        | Noticed an ice beast
   481 | D        | Killed an ice beast
   481 | D        | Reached skill level 7 in Spellcasting
   481 | D        | Reached XP level 4. HP: 24/24 MP: 7/15
   481 | D        | Reached XP level 5. HP: 28/28 MP: 7/17
   485 | D        | Reached skill level 8 in Spellcasting
   486 | D        | Reached * piety under Vehumet
   486 | D        | Offered knowledge of Shock by Vehumet.
   486 | D        | Reached skill level 1 in Short Blades
   488 | D        | Reached skill level 1 in Fighting
   488 | D        | Reached skill level 9 in Spellcasting
   488 | D        | Reached skill level 10 in Ice Magic
   496 | D        | Reached skill level 5 in Stealth
   496 | D        | Reached XP level 6. HP: 34/34 MP: 4/20
   503 | D        | Reached ** piety under Vehumet
   586 | D        | Learned a level 4 spell: Hailstorm
   591 | D        | Learned a level 4 spell: Summon Ice Beast
   596 | D        | Noticed a centaur warrior
   596 | D        | Noticed a six-headed hydra
   596 | D        | Noticed a skeletal warrior
   599 | D        | Reached skill level 10 in Spellcasting
   602 | D        | HP: 1/34 [centaur warrior (11)]
   602 | D        | Killed a six-headed hydra
   602 | D        | Reached skill level 5 in Dodging
   602 | D        | Reached skill level 13 in Spellcasting
   602 | D        | Reached XP level 7. HP: 1/40 MP: 4/26
   602 | D        | Reached XP level 8. HP: 2/44 MP: 4/27
   604 | D        | Killed a centaur warrior
   604 | D        | Reached skill level 15 in Spellcasting
   605 | D        | Reached *** piety under Vehumet
   671 | D        | Killed a skeletal warrior
   671 | D        | Offered knowledge of Foxfire by Vehumet.
   671 | D        | Reached skill level 16 in Spellcasting
   671 | D        | Reached skill level 1 in Summonings
   671 | D        | Reached skill level 1 in Evocations
   671 | D        | Reached XP level 9. HP: 30/49 MP: 10/31
  1060 | D        | Noticed a komodo dragon
  1060 | D        | Noticed a cane toad
  1060 | D        | Noticed a komodo dragon
  1063 | D        | Noticed a komodo dragon
  1064 | D        | Offered knowledge of Mephitic Cloud by Vehumet.
  1064 | D        | Killed a komodo dragon
  1064 | D        | Reached **** piety under Vehumet
  1064 | D        | Reached skill level 15 in Ice Magic
  1065 | D        | Killed a cane toad
  1068 | D        | Reached ***** piety under Vehumet
  1068 | D        | Reached skill level 17 in Spellcasting
  1068 | D        | Noticed a polar bear
  1072 | D        | Killed a komodo dragon
  1075 | D        | Killed a komodo dragon
  1123 | D        | HP: 2/50 [polar bear (19)]
  1123 | D        | Slain by a polar bear

Illustrated notes

Levels and vault maps discovered:
D:        linesprint [early_d, line_temple, items_1, d_10, items_2, lair_1,
          lair_end, items_3, orc_1, orc_end, items_4, d_15, swamp_1, shoals_1,
          snake_1, spider_1, d_20, vaults_1, items_5, swamp_end, shoals_end,
          snake_end, spider_end, vaults_end, d_27, items_6, zot_1, zot_end,
          crypt_end, forest_end, elf_end, slime_end, tomb_end, abyss_end,
          pan_hell_end]

Skill      XL: |  1  2  3  4  5  6  7  8  9 |
---------------+----------------------------+-----
Ice Magic      | 6 7 9 10 13 14 15 | 15.7
Spellcasting   | 5 7 9 13 16 17 | 17.5
Dodging        | 3 4 5 6 7 |  7.2
Stealth        | 3 4 5 6 7 |  7.9
Short Blades   | 1 2 3 4 |  4.2
Fighting       | 1 2 3 |  3.1
Summonings     | 1 2 |  2.3
Evocations     | 1 2 |  2.5
Conjurations   | |  0.5

Action                   |  1- 3 |  4- 6 |  7- 9 || total
-------------------------+-------+-------+-------++-------
Melee: Unarmed           |     1 |       |       ||     1
       Dagger            |    22 |     7 |     5 ||    34
       Rapier            |       |       |     7 ||     7
 Cast: Freeze            |    20 |     1 |     8 ||    29
       Ozocubu's Armour  |     2 |     3 |     1 ||     6
       Frozen Ramparts   |       |     3 |     3 ||     6
       Hailstorm         |       |     1 |     6 ||     7
       Summon Ice Beast  |       |       |     3 ||     3
Evoke: Wand              |       |       |     5 ||     5
  Use: Potion            |     5 |       |     2 ||     7
       Scroll            |       |       |     1 ||     1
 Stab: Invisible         |     2 |       |       ||     2
Armor: Robe              |    11 |     3 |     3 ||    17
Dodge: Dodged            |    36 |     6 |    15 ||    57

Table legend: (Time is in decaauts)
 A = Elapsed time spent in this place.
 B = Non-inter-level travel time spent in this place.
 C = Inter-level travel time spent in this place.
 D = Time resting spent in this place.
 E = Time spent auto-exploring this place.
 F = Levels seen in this place.
 G = Mean time per level.
                   A        B        C        D        E       F      G
               +--------+--------+--------+--------+--------+-----+--------+
         Total |   1123 |   1123 |      0 |    615 |     76 |   1 | 1123.0 |
       Dungeon |   1123 |   1123 |      0 |    615 |     76 |   1 | 1123.0 |
               +--------+--------+--------+--------+--------+-----+--------+

Top non-repeatable levels by time:
       D: 1123 daAuts
